 Seeded DCSS version 0.28.0-49-g6dfe1f597d (webtiles) character file.

Game seed: 10123550590009334295 (custom seed)

794 NinjaNoafa the Skirmisher (level 7, 0/96 HPs)
             Began as a Minotaur Fighter on May 11, 2022.
             Was an Initiate of Gozag.
             Slain by a worm (1 damage)
             ... on level 5 of the Dungeon.
             The game lasted 00:05:47 (4533 turns).

NinjaNoafa the Skirmisher (Minotaur Fighter)        Turns: 4533, Time: 00:05:48

Health: 0/96       AC:  9    Str: 23      XL:     7   Next: 58%
Magic:  6/6        EV:  9    Int:  5      God:    Gozag
Gold:   391        SH:  4    Dex:  8 (9)  Spells: 6/6 levels left

rFire   . . .      SeeInvis .   i - +3 whip (elec)
rCold   . . .      Faith    .   c - +0 buckler
rNeg    . . .      Spirit   .   d - +1 scale mail of the Gloaming {Will++}
rPois   .          Reflect  .   (helmet restricted)
rElec   .          Harm     .   r - +0 cloak
rCorr   .          Rampage  .   (no gloves)
Will    ++...                   (no boots)
Stlth   ..........              (no amulet)
HPRegen 0.26/turn               (no ring)
MPRegen 0.10/turn               (no ring)

@: berserking, lethally poisoned (0 -> -3), gold aura, very quick
A: horns 2, retaliatory headbutt
a: Renounce Religion, Potion Petition, Call Merchant, Bribe Branch


You were on level 5 of the Dungeon.
You worshipped Gozag.
Gozag was aware of your devotion.
You visited 2 branches of the dungeon, and saw 6 of its levels.

You collected 430 gold pieces.
You paid 39 gold pieces to Gozag.

Inventory:

Hand Weapons
 a - a +0 war axe
 i - a +3 whip of electrocution (weapon)
Missiles
 o - 18 poisoned darts (quivered)
Armour
 c - a +0 buckler (worn)
 d - the +1 scale mail of the Gloaming (worn) {Will++}
   (You found it on level 3 of the Dungeon)

   Will:      It greatly increases your willpower.
 r - a +0 cloak (worn)
Scrolls
 b - a scroll of noise
 f - 2 scrolls of immolation
 g - 2 scrolls of acquirement {unknown}
 p - a scroll of fog
 q - a scroll of magic mapping
Potions
 e - a potion of brilliance
 j - a potion of berserk rage
 k - 2 potions of heal wounds
 l - a potion of lignification {unknown}
 m - a potion of attraction {unknown}
 n - a potion of flight {unknown}


   Skills:
 + Level 6.9 Fighting
 - Level 2.6 Short Blades
 - Level 2.6(4.3) Axes
 - Level 5.3(5.6) Maces & Flails
 - Level 5.1 Armour
 - Level 5.1 Shields


You had 6 spell levels left.
You didn't know any spells.
Your spell library contained the following spells:

 Spells                   Type           Power      Damage    Failure   Level
 Scorch                   Fire           0%         2d5       94%         2
 Flame Wave               Conj/Fire      0%         2d4       100%        4
 Summon Cactus Giant      Summ           0%         N/A       100%        6


Dungeon Overview and Level Annotations

Branches:
Dungeon (5/15)             Temple (1/1) D:4

Altars:
Cheibriados
Dithmenos
Elyvilon
Gozag
Makhleb
Okawaru
Uskayaw
Vehumet
Wu Jian
Yredelemnul
Zin
The Shining One

Shops:
D:1 *:*   D:2 *


Innate Abilities, Weirdness & Mutations

You have a pair of horns on your head.
You reflexively headbutt those who attack you in melee.


Message History

The scorpion poisons you!
You closely miss something. Your headbutt misses something.
You feel sick. The scorpion stings you. Something hits you!
* * * LOW HITPOINT WARNING * * *
You are too berserk!
You closely miss something.
You feel sick.
You whack something! Your headbutt misses something.
You feel sick.
The scorpion stings you but does no damage.
The worm bites you.
* * * LOW HITPOINT WARNING * * *
You closely miss something. Your headbutt misses something.
You feel sick.
The scorpion stings you but does no damage.
You hear some strange, mumbled words.
A magic dart appears from out of thin air!
The magic dart hits you.
* * * LOW HITPOINT WARNING * * *
You are too berserk!
You miss something. Your headbutt misses something.
You feel sick.
The scorpion stings you but does no damage.
You barely miss the scorpion. You headbutt the scorpion!
The scorpion is heavily wounded.
You feel sick. Something hits you!
* * * LOW HITPOINT WARNING * * *
The worm bites you.
* * * LOW HITPOINT WARNING * * *
You are too berserk!
You whack the scorpion!
You kill the scorpion!
* * * LOW HITPOINT WARNING * * *
You feel sick.
You whack something! Lightning courses through something!!
Reactivating autopickup.
You feel a bit more experienced.
You feel your strength returning.
You feel your dexterity returning.
Your Fighting skill increases to level 6!
You completely miss the worm.
* * * LOW HITPOINT WARNING * * *
You feel sick. The worm bites you.
You die...
Your body crumbles into a pile of gold.

#........###....###
##........##........#
..#.......#.........#...
...................##...
##......................
........................
...............(........
......$.................
......w@.......#........
......$$..!....##.......
..#...........## #..##.#
................ #
..#.........#..# # #
#.....#...#... #.#.
......##... #...
.......# ...# ....# .. #


You could see a worm.

Vanquished Creatures
  Sigmund (D:5)
  A sky beast (D:4)
  A centaur (D:5)
  A scorpion (D:5)
  A bullfrog (D:5)
  An orc priest (D:3)
  A gnoll shaman (D:5)
  3 iguanas
  2 hound skeletons (D:4)
  7 adders
  5 gnolls (D:5)
  A worm (D:2)
  A dart slug (D:3)
  8 orcs
  8 endoplasms
  2 giant cockroaches
  7 hobgoblins
  A jackal (D:3)
  4 kobolds
  2 quokkas
  2 ball pythons (D:1)
  9 bats
  4 frilled lizards
  2 goblins
  10 rats
85 creatures vanquished.

Notes
Turn   | Place    | Note
-------+----------+-------------------------------------------
     0 | D:1      | NinjaNoafa the Minotaur Fighter began the quest for the
                  | Orb.
     0 | D:1      | Reached XP level 1. HP: 19/19 MP: 0/0
    26 | D:1      | Found Huwkudgh's General Store.
   203 | D:1      | Found Ezemis's Book Shoppe.
   220 | D:1      | Found Obizacwe's General Store.
   511 | D:1      | Reached skill level 1 in Maces & Flails
   588 | D:1      | Reached XP level 2. HP: 27/27 MP: 1/1
   752 | D:1      | Found a faded altar of an unknown god.
  1000 | D:2      | Found Sovum's Assorted Antiques.
  1333 | D:2      | Reached XP level 3. HP: 25/33 MP: 2/2
  2314 | D:3      | Reached XP level 4. HP: 31/40 MP: 3/3
  2498 | D:3      | Reached skill level 4 in Fighting
  2686 | D:3      | Found an opulent altar of Gozag.
  2688 | D:3      | Found a glowing silver altar of Zin.
  2694 | D:3      | Became a worshipper of Gozag Ym Sagoz the Greedy
  2740 | D:3      | Identified the +1 scale mail of the Gloaming {Will++}
  2777 | D:3      | Reached XP level 5. HP: 46/46 MP: 4/4
  3442 | D:4      | Reached skill level 5 in Maces & Flails
  3725 | D:4      | Noticed a sky beast
  3726 | D:4      | Found a staircase to the Ecumenical Temple.
  3745 | D:4      | Killed a sky beast
  3746 | D:4      | Reached XP level 6. HP: 48/53 MP: 5/5
  3752 | Temple   | Entered the Ecumenical Temple
  4032 | D:5      | Entered Level 5 of the Dungeon
  4156 | D:5      | Reached skill level 1 in Short Blades
  4331 | D:5      | Reached skill level 5 in Fighting
  4331 | D:5      | Reached skill level 5 in Armour
  4331 | D:5      | Reached skill level 5 in Shields
  4331 | D:5      | Reached XP level 7. HP: 34/61 MP: 6/6
  4513 | D:5      | Noticed Sigmund
  4530 | D:5      | HP: 2/91 [worm (3)]
  4532 | D:5      | Killed Sigmund
  4533 | D:5      | Reached skill level 6 in Fighting
  4533 | D:5      | Slain by a worm

Illustrated notes

Levels and vault maps discovered:
D:1:      lightli_arrival_isolated_outpost, layout_loops_corners,
          ebering_ecumenical_altar_ruins, serial_shops, nicolae_shop_stone,
          shop, shop
D:2:      layout_basic, serial_aquarium, aquarium_bridge_square
          [aquarium_subvault_bridge, aquarium_subvault_wall,
          aquarium_subvault_bridge, aquarium_subvault_wall],
          aquarium_window_fake, aquarium_window_corridor_1,
          aquarium_window_fake, aquarium_view_2c, aquarium_view_2e,
          serial_shops, shop, kennysheep_generic_room_11
D:3:      kb_forest_paths, layout_basic, grunt_temple_overflow_gold_and_silver
D:4:      layout_rooms, temple_fountains
D:5:      layout_cave_pools, uniq_duvessa, uniq_sigmund
Temple:   cyrus_temple_forest

Skill      XL: |  1  2  3  4  5  6  7 |
---------------+----------------------+-----
Maces & Flails | 1 3 4 5 |  5.3
Fighting       | 4 5 6 |  6.9
Shields        | 4 5 |  5.1
Armour         | 4 5 |  5.1
Short Blades   | 2 |  2.6
Axes           | |  2.6

Action                   |  1- 3 |  4- 6 |  7- 9 || total
-------------------------+-------+-------+-------++-------
Melee: Whip              |    85 |   120 |    19 ||   224
       Headbutt          |    10 |    10 |     4 ||    24
       War axe           |     3 |       |       ||     3
  Use: Potion            |       |     5 |     1 ||     6
       Scroll            |       |     3 |     6 ||     9
 Stab: Distracted        |       |     1 |       ||     1
Armor: Scale mail        |    32 |    55 |     6 ||    93
Dodge: Dodged            |    29 |    44 |     1 ||    74
Block: Buckler           |    17 |    29 |     2 ||    48
